 Dungeon Crawl Stone Soup version 0.21-a0-113-g6841d05 (console) character file.

3070 utis the Conjurer (level 10, 0/74 HPs)
             Began as a Human Wanderer on July 12, 2017.
             Slain by a steam dragon (1 damage)
             ... on level 8 of the Dungeon.
             The game lasted 00:51:40 (14950 turns).

utis the Conjurer (Human Wanderer)                 Turns: 14950, Time: 00:51:41

Health: 0/74       AC:  9    Str: 12    XL:     10   Next: 12%
Magic:  10/15      EV: 11    Int: 19    God:
Gold:   200        SH:  0    Dex: 10    Spells: 2/15 levels left

rFire    . . .     SeeInvis .   j - +2 dagger (venom)
rCold    . . .     Gourm    .   (no shield)
rNeg     . . .     Faith    .   C - +0 ring mail
rPois    .         Spirit   .   J - +0 helmet
rElec    .         Reflect  .   e - +0 cloak
rCorr    .         Harm     .   S - +0 pair of gloves
MR       .....                  O - +0 pair of boots (curse)
Stlth    ..........             (no amulet)
HPRegen  0.22/turn              (no ring)
MPRegen  0.14/turn              (no ring)

@: very slightly contaminated, drained
A: no striking features
a: no special abilities


You were on level 8 of the Dungeon.
You were not hungry.

You visited 1 branch of the dungeon, and saw 8 of its levels.

You collected 254 gold pieces.
You spent 54 gold pieces at shops.

Inventory:

Hand Weapons
 a - a +0 shortbow
 j - a +2 dagger of venom (weapon)
 x - a +0 hunting sling
 Q - a +1 halberd
Missiles
 d - 168 arrows
 n - 175 stones (quivered)
 u - 89 sling bullets
 B - 50 poisoned needles
 P - 2 throwing nets {=f}
 W - 6 needles of sleeping
Armour
 e - a +0 cloak (worn)
 p - a +0 scale mail
 C - a +0 ring mail (worn)
 J - a +0 helmet (worn)
 O - a cursed +0 pair of boots (worn)
 S - a +0 pair of gloves (worn)
Magical Staves
 t - an uncursed staff of summoning {!a}
Jewellery
 o - an uncursed ring of protection from fire {unknown}
 G - a +5 ring of protection {unknown}
 M - an uncursed ring of protection from magic {=f}
Wands
 F - a wand of lightning (6/15)
 U - a wand of enslavement (21/24)
Scrolls
 b - 2 scrolls of amnesia
 f - a scroll of enchant weapon
 h - a scroll of teleportation {unknown}
 i - 4 scrolls of remove curse {@r2}
 k - a scroll of blinking
 q - a scroll of recharging
 v - a scroll of fog {unknown}
 w - 3 scrolls of identify {@r1}
 y - a scroll of random uselessness {unknown}
 H - a scroll of immolation
 R - a scroll of magic mapping {unknown}
 V - a scroll of noise {unknown}
 Z - a scroll of holy word {unknown}
Potions
 g - 2 potions of degeneration
 l - 6 potions of curing {@q1}
 r - 2 potions of invisibility
 s - a potion of haste {@q3}
 z - a potion of lignification
 A - a potion of brilliance
 D - a potion of ambrosia
 K - 2 potions of magic
 N - a potion of flight
 T - 2 potions of agility
 Y - a potion of might
Books
 c - a book of Minor Magic

   Spells                             Type                      Level
   a - Magic Dart                     Conjuration                  1
   b - Blink                          Translocation                2
   c - Call Imp                       Summoning                    2
   d - Slow                           Hexes                        2
   e - Conjure Flame                  Conjuration/Fire             3
   f - Mephitic Cloud                 Conjuration/Poison/Air       3
Comestibles
 m - 2 meat rations {@e1}
 E - a royal jelly {@e3}
 L - 3 bread rations {@e1}
 X - 2 chunks of flesh


   Skills:
 + Level 5.2(4.6) Fighting
 - Level 2.0(1.6) Short Blades
 - Level 1.5(1.0) Bows
 - Level 4.6(4.1) Dodging
   Level 1.0(0.5) Shields
 - Level 3.4(2.9) Spellcasting
 - Level 7.0(6.5) Conjurations
 - Level 3.0(2.5) Hexes
 - Level 1.0(0.5) Summonings
 + Level 5.9(5.4) Fire Magic
 - Level 3.0(2.5) Air Magic
 - Level 3.0(2.5) Poison Magic
 - Level 1.0(0.5) Evocations


You had 2 spell levels left.
You knew the following spells:

 Your Spells              Type           Power        Failure   Level  Hunger
d - Mephitic Cloud        Conj/Pois/Air  ###.....     22%         3    ###....
o - Conjure Flame         Conj/Fire      ####....     9%          3    ###....
p - Call Imp              Summ           #.......     38%         2    ##.....
v - Blink                 Tloc           N/A          47%         2    ##.....
w - Slow                  Hex            ##......     19%         2    ##.....
z - Magic Dart            Conj           ####         2%          1    None


Dungeon Overview and Level Annotations

Branches:
Dungeon (8/15)             Temple (0/1) D:6
   Lair: D:8-11

Altars:
Cheibriados
Dithmenos
Fedhas
Nemelex Xobeh
Okawaru
Ru
Uskayaw
Vehumet

Shops:
D:6 }[   D:7 *


Message History

Casting: Conjure Flame
Confirm with . or Enter, or press ? or * to list all spells.
You miscast Call Imp.
You are very lightly contaminated with residual magic.
You hear strange voices.
The steam dragon misses you.
The steam dragon claws you but does no damage.
Unknown command.
Casting: Call Imp
Confirm with . or Enter, or press ? or * to list all spells.
You miscast Blink.
Nothing appears to happen.
The steam dragon bites you.
* * * LOW HITPOINT WARNING * * *
The steam dragon barely misses you.
Unknown command.
You hit the steam dragon.
The steam dragon is moderately wounded.
The steam dragon bites you.
* * * LOW HITPOINT WARNING * * *
The steam dragon claws you.
You die...

░░░░░░░░░░░░░░░░░
.........<......░
.........➘......░
........[.......░
.........➘..Dp..░
..€............░░
..................
?..€.....†.........
.....................
.........➘...........
....................
.........░░░░......
.......... ..


You could see a steam dragon.

Vanquished Creatures
  Pikel (D:7)
  A hippogriff (D:7)
  A water moccasin (D:6)
  A slave (D:6)
  A sky beast (D:6)
  2 ice beasts
  An ogre (D:6)
  A centaur (D:7)
  2 bullfrogs (D:6)
  4 wights (D:7)
  2 howler monkeys
  4 hounds
  A quasit (D:5)
  A centaur zombie (D:5)
  An orc priest (D:5)
  Crazy Yiuf (D:7)
  2 jellies
  A bullfrog skeleton (D:6)
  6 orc wizards
  A centaur skeleton (D:7)
  5 iguanas
  Ijyb (D:4)
  5 worker ants
  Robin (D:4)
  9 gnolls
  10 adders
  2 shadow imps
  3 oozes
  3 worms
  A dart slug (D:6)
  3 leopard geckos
  22 orcs
  7 bats
  7 giant cockroaches
  17 goblins
  10 hobgoblins
  11 jackals
  3 quokkas
  4 ball pythons
  3 frilled lizards
  A jackal skeleton (D:4)
  A jackal zombie (D:5)
  13 kobolds
  A quokka zombie (D:5)
  8 rats
186 creatures vanquished.

Vanquished Creatures (collateral kills)
  The ghost of wazuzu the Sneak, a novice VSEn (D:4)
  Sigmund (D:2)
  An ice beast (D:6)
  A centaur (D:3)
  The ghost of wazuzu the Magician, an amateur GrWz (D:3)
  A jelly (D:3)
  3 gnolls
  An adder skeleton (D:4)
  An orc (D:3)
11 creatures vanquished.

Vanquished Creatures (others)
  3 slaves (D:7)
  A shadow imp (D:7)
  An orc (D:7)
5 creatures vanquished.

Grand Total: 202 creatures vanquished

Notes
Turn   | Place    | Note
-------+----------+-------------------------------------------
     0 | D:1      | utis the Human Wanderer began the quest for the Orb.
     0 | D:1      | utis set off with: a book of Minor Magic, a potion of lignification, a +0 shortbow, 20 arrows, a +0 robe, a bread ration {@e1}
     0 | D:1      | Reached XP level 1. HP: 16/16 MP: 2/2
     2 | D:1      | Learned a level 1 spell: Magic Dart
   359 | D:1      | Reached skill level 1 in Short Blades
   359 | D:1      | Reached XP level 2. HP: 20/22 MP: 3/3
   386 | D:1      | Learned a level 2 spell: Call Imp
   584 | D:1      | Reached XP level 3. HP: 26/27 MP: 4/4
  1329 | D:1      | HP: 2/40 [poisoned by a gnoll]
  1337 | D:1      | HP: 1/40 [poisoned by a gnoll]
  2193 | D:1      | Reached XP level 4. HP: 33/33 MP: 7/7
  2198 | D:1      | Learned a level 3 spell: Mephitic Cloud
  2595 | D:2      | Noticed Sigmund
  3138 | D:2      | Killed Sigmund
  3138 | D:2      | Reached skill level 2 in Conjurations
  3138 | D:2      | Reached XP level 5. HP: 38/38 MP: 1/8
  3138 | D:2      | Reached XP level 6. HP: 44/44 MP: 1/9
  3211 | D:2      | Learned a level 2 spell: Slow
  3362 | D:3      | Noticed wazuzu's ghost (amateur GrWz)
  4264 | D:2      | Reached skill level 3 in Conjurations
  4615 | D:3      | Found an iron altar of Okawaru.
  4922 | D:2      | Reached XP level 7. HP: 31/50 MP: 8/11
  4927 | D:2      | Learned a level 3 spell: Conjure Flame
  6076 | D:3      | Killed wazuzu's ghost
  6350 | D:4      | Noticed Ijyb
  6371 | D:4      | Killed Ijyb
  6371 | D:4      | Reached skill level 4 in Conjurations
  6769 | D:4      | Noticed Robin
  6785 | D:4      | Killed Robin
  6785 | D:4      | Reached skill level 1 in Hexes
  6965 | D:4      | Noticed wazuzu's ghost (novice VSEn)
  7076 | D:4      | Killed wazuzu's ghost
  7519 | D:4      | Reached skill level 1 in Dodging
  7519 | D:4      | Reached XP level 8. HP: 49/57 MP: 13/13
  8033 | D:4      | Found a sparkling altar of Nemelex Xobeh.
  8360 | D:4      | Found a radiant altar of Vehumet.
  8654 | D:4      | Learned a level 2 spell: Blink
  8735 | D:5      | Entered Level 5 of the Dungeon
 10636 | D:5      | Found a hide-covered altar of Uskayaw.
 11146 | D:6      | Found Yluuvitall's Gadget Emporium.
 11255 | D:6      | Reached skill level 5 in Fighting
 11255 | D:6      | Reached XP level 9. HP: 68/68 MP: 6/14
 11348 | D:6      | Reached skill level 1 in Fire Magic
 11672 | D:6      | Found a staircase to the Ecumenical Temple.
 12333 | D:6      | Reached skill level 5 in Conjurations
 12401 | D:6      | Found Sowuocs's Armour Shop.
 12433 | D:6      | Bought a +0 pair of gloves for 54 gold pieces
 12769 | D:6      | Found a snail-covered altar of Cheibriados.
 12772 | D:6      | Found a shadowy altar of Dithmenos.
 13095 | D:6      | Found a blossoming altar of Fedhas.
 13368 | D:7      | Noticed a hippogriff
 13373 | D:7      | Killed a hippogriff
 13447 | D:7      | Noticed Pikel
 13453 | D:7      | Reached skill level 6 in Conjurations
 13583 | D:7      | Found Icis's Assorted Antiques.
 13728 | D:7      | Killed Pikel
 13728 | D:7      | Reached skill level 5 in Fire Magic
 13728 | D:7      | Reached XP level 10. HP: 50/74 MP: 10/15
 13997 | D:7      | Reached skill level 7 in Conjurations
 14322 | D:7      | Found a sacrificial altar of Ru.
 14449 | D:7      | Found a runed door.
 14453 | D:7      | Noticed Crazy Yiuf
 14460 | D:7      | Killed Crazy Yiuf
 14856 | D:8      | Noticed a two-headed ogre
 14949 | D:8      | HP: 3/74 [steam dragon (3)]
 14950 | D:8      | HP: 1/74 [steam dragon (3)]
 14950 | D:8      | Slain by a steam dragon

Vault maps used:
D:1:      kennysheep_arrival_seaside
D:2:      uniq_sigmund
D:3:      lemuel_doored_altar
D:4:      corexii_shack_village, nemelex_xobeh_ov_fountains_minmay,
          nicolae_overflow_hidden_temple, uniq_ijyb, uniq_robin
D:5:      overflow_temple_1_default, first_bread
D:6:      kennysheep_slug_shrine, fedhas_altar_4,
          minmay_temple_entry_purple_smoke, basic_altar, serial_shops, shop,
          nicolae_shop_statue_plus
D:7:      kennysheep_mini, serial_shops, nicolae_shop_stone, uniq_pikel,
          uniq_crazy_yiuf_cottage
D:8:      zin_academy, grunt_dithmenos_smoke_and_mirrors, marbit_many_paths,
          dpeg_lair_monsters, enter_bailey_2

Skill      XL: |  1  2  3  4  5  6  7  8  9 10 |
---------------+-------------------------------+-----
Short Blades   | 1 2 |  2.0
Spellcasting   | 2 3 |  3.4
Conjurations   | 2 3 4 6 7 |  7.0
Poison Magic   | 2 3 |  3.0
Hexes          | 3 |  3.0
Dodging        | 1 4 |  4.6
Fighting       | 5 |  5.2
Fire Magic     | 5 |  5.9
Bows           | |  1.5
Shields        | |  1.0
Summonings     | |  1.0
Air Magic      | |  3.0
Evocations     | |  1.0

Action                   |  1- 3 |  4- 6 |  7- 9 | 10-12 || total
-------------------------+-------+-------+-------+-------++-------
Melee: Unarmed           |    13 |       |       |       ||    13
       Dagger            |    75 |    96 |   466 |    38 ||   675
       Halberd           |       |       |    89 |    45 ||   134
 Fire: Shortbow          |     5 |       |    22 |       ||    27
Throw: Stone             |     7 |     1 |    41 |     5 ||    54
 Cast: Call Imp          |       |    13 |    40 |       ||    53
       Mephitic Cloud    |       |     1 |       |     2 ||     3
       Magic Dart        |       |       |    18 |       ||    18
       Conjure Flame     |       |       |    19 |     8 ||    27
       Slow              |       |       |    28 |       ||    28
       Blink             |       |       |     2 |     1 ||     3
  Use: Potion            |     3 |       |       |       ||     3
       Scroll            |       |     2 |    11 |     3 ||    16
 Stab: Distracted        |       |       |     1 |       ||     1
  Eat: Bread ration      |     1 |     1 |       |       ||     2
       Chunk             |       |     5 |    31 |     6 ||    42
       Royal jelly       |       |       |     1 |       ||     1
Armor: Robe              |    18 |    11 |     8 |       ||    37
       Leather armour    |       |       |    26 |       ||    26
       Ring mail         |       |       |   107 |    36 ||   143
Dodge: Dodged            |    47 |    57 |   235 |    50 ||   389
